 Dungeon Crawl Stone Soup version 0.30-a0-169-g06f667207d (webtiles) character file.

Game seed: 8534878027633587586

3973 qw the Cleaver (level 10, -4/63 HPs)
             Began as a Gargoyle Fighter on Sept 29, 2022.
             Was a Believer of Okawaru.
             Killed from afar by a lindwurm (19 damage)
             ... with a blast of flame
             ... on level 8 of the Dungeon.
             The game lasted 00:03:30 (8965 turns).

qw the Cleaver (Gargoyle Fighter)                   Turns: 8965, Time: 00:03:30

Health: -4/63      AC: 28    Str: 29    XL:     10   Next: 22%
Magic:  13/13      EV: 12    Int: 12    God:    Okawaru [**....]
Gold:   448        SH:  4    Dex:  9    Spells: 9/9 levels left

rFire   + . .      SeeInvis .    Y - +3 war axe
rCold   . . .      Faith    .    c - +0 buckler
rNeg    + . .      Spirit   .    b - +0 plate armour
rPois   inf        Reflect  .    m - +1 helmet
rElec   +          Harm     .    f - +0 cloak
rCorr   .          Rampage  .    r - +3 pair of gloves of the Blind Marksman {rF+ Int+2}
Will    .....                    (no boots)
Stlth   ..........               h - amulet of regeneration
HPRegen 1.00/turn                l - +6 ring of strength
MPRegen 0.13/turn                o - +4 ring of evasion

@: no status effects
A: sickness immunity, AC +7, negative energy resistance 1, electricity
resistance, torment resistance 1, petrification resistance
a: Renounce Religion, Heroism


You were on level 8 of the Dungeon.
You worshipped Okawaru.
Okawaru was pleased with you.
You visited 2 branches of the dungeon, and saw 9 of its levels.

You collected 496 gold pieces.
You spent 48 gold pieces at shops.


Innate Abilities, Weirdness & Mutations

You are immune to sickness and miasma.
Your stone body is resilient. (AC +7)
You are immune to poison.
You resist negative energy. (rN+)
You are resistant to electric shocks. (rElec)
You are resistant to unholy torment.
You are immune to petrification.


   Skills:
 - Level 7.1 Fighting
 - Level 10.0 Axes
 - Level 1.0 Throwing
 + Level 6.7 Armour
 - Level 2.4 Dodging
 - Level 4.1 Shields
 - Level 4.0 Invocations


You had 9 spell levels left.
You didn't know any spells.
Your spell library was empty.

Inventory:

Hand Weapons
 x - a +4 vorpal flail
 Y - a +3 war axe (weapon)
Missiles
 s - 2 boomerangs (quivered)
Armour
 b - a +0 plate armour (worn)
 c - a +0 buckler (worn)
 f - a +0 cloak (worn)
 m - a +1 helmet (worn)
 r - the +3 pair of gloves of the Blind Marksman (worn) {rF+ Int+2}
   (You found it on level 6 of the Dungeon)

   Int:       It affects your intelligence (+2).
   rF:        It protects you from fire.
Jewellery
 h - an amulet of regeneration (around neck)
 l - a +6 ring of strength (left hand)
 o - a +4 ring of evasion (right hand)
 t - a ring of protection from cold
Wands
 j - a wand of digging (8)
Scrolls
 e - a scroll of identify
 i - 2 scrolls of teleportation
Potions
 a - 2 potions of heal wounds
 d - a potion of might
 g - a potion of haste {unknown}
 k - a potion of resistance
 n - a potion of attraction
 p - a potion of lignification
 u - 3 potions of curing
 v - a potion of magic
 w - a potion of cancellation {unknown}

Dungeon Overview and Level Annotations

Branches:
Dungeon (8/15)             Temple (1/1) D:6            Lair (0/5) D:8

Altars:
Ashenzari
Cheibriados
Dithmenos
Fedhas
Gozag
Hepliaklqana
Kikubaaqudgha
Makhleb
Nemelex Xobeh
Okawaru
Qazlal
Ru
Sif Muna
Uskayaw
Vehumet
Wu Jian
Yredelemnul
Zin
The Shining One

Shops:
D:1 ?

Annotations:
D:5 2 transporters


Message History

8891 ||| FLEEEEING.
The lindwurm breathes flames at you. The blast of flame hits you! You resist.
8892 ||| FLEEEEING.
The lindwurm breathes flames at you. The blast of flame hits you! You resist.
8894 ||| FLEEEEING.
8895 ||| FLEEEEING.
There is a stone staircase leading up here.
8896 ||| STAIRDANCE You climb upwards.
There is a stone staircase leading down here.
You see here a potion of ambrosia.
You start resting.
HP restored.
(D) Dungeon (T) Temple (L) Lair
Where to? (* - list waypoints, Enter - D:8, ? - help)
What level of the Dungeon? (default 1, ? - help)
You climb downwards.
There is a stone staircase leading up here.
8937 ||| INVOKING Heroism.
You gain the combat prowess of a mighty hero.
Magic restored.
The lindwurm breathes flames at you.
The blast of flame hits you but does no damage.
The lindwurm breathes flames at you. The blast of flame hits you. You resist.
The lindwurm breathes flames at you. The blast of flame hits you. You resist.
The lindwurm breathes flames at you. The blast of flame hits you. You resist.
The lindwurm breathes flames at you. The blast of flame hits you!! You resist.
You start resting.
You feel like a meek peon again. The lindwurm breathes flames at you.
The blast of flame hits you!! You resist. The lindwurm breathes flames at you.
The blast of flame hits you!! You resist.
You die...

.................##
####........
.....¤~~..........###
######...
...¤~~~¤~~¤.........# ##..
.~¤~~~¤~~~~~~.......#
###..)
¤¤~~~~¤~~~~¤¤¤.¤.#..#
###.)...
¤~~~~~~~¤¤¤~¤¤~.....#
##...)...
~~~~¤!..k~~¤~~¤.....#
##<..###.. ~~~...##
¤.¤¤~~¤...## #..### ###
~¤~¤¤## ..¤¤¤~¤@..# #..# #
¤~..#. #.k~~~~...# #..# #
~¤.## ##k¤¤~¤~..# #..# #
~~.# |)##k~¤¤~~..# #..# ##
¤~.. $.#.k¤~¤¤...# ##.##
###. ~¤~..####¤k~¤¤~~..##
##..# ##...
~~~...##.¤.~~¤~~...###..##
#...#
~~~~~¤¤¤.¤~~¤~~.....#..##
#..##
¤¤¤~~¤¤¤~¤¤~~¤¤....<..##
##.##


You could see 4 lindwurms.

Vanquished Creatures
  A wyvern (D:5)
  Eustachio (D:6)
  Menkaure (D:5)
  2 steam dragons
  A water moccasin (D:7)
  2 sky beasts
  3 ice beasts
  An orc warrior (D:7)
  5 ogres
  4 centaurs
  3 kobold brigands
  2 bullfrogs
  2 necrophages
  2 gnoll sergeants
  4 scorpions
  8 wights (D:8)
  3 hounds
  2 orc priests
  Jessica (D:2)
  3 iguanas
  4 orc wizards
  Robin (D:4)
  11 gnolls
  8 adders
  A shadow imp (D:5)
  5 white imps
  2 worms
  3 dart slugs
  25 orcs
  9 endoplasms
  3 giant cockroaches
  8 goblins
  9 hobgoblins
  7 quokkas
  11 ball pythons
  4 bats
  20 kobolds
  30 rats
212 creatures vanquished.

Vanquished Creatures (others)
  An orc wizard (D:5)
  An orc (D:7)
2 creatures vanquished.

Grand Total: 214 creatures vanquished

Notes
Turn   | Place    | Note
-------+----------+-------------------------------------------
     0 | D:1      | qw the Gargoyle Fighter began the quest for the Orb.
     0 | D:1      | Reached XP level 1. HP: 14/14 MP: 1/1
     0 | D:1      | 0 ||| qw: Version: 0.2-a-12-gaebbb33
     0 | D:1      | 0 ||| qw: Game counter: 1321
     0 | D:1      | 0 ||| qw: Always use a shield: true
     0 | D:1      | 0 ||| qw: God list: Okawaru
     0 | D:1      | 0 ||| qw: Allow faded altars: false
     0 | D:1      | 0 ||| qw: Do Orc after D:15 true
     0 | D:1      | 0 ||| qw: Do second Lair branch before Depths: true
     0 | D:1      | 0 ||| qw: Lair rune preference: random
     0 | D:1      | 0 ||| qw: Plans: Normal, Zot:1-4, God:TSO, Crypt, Tomb,
                  | Pan, Slime:5, Hells, Abyss, Orb
     0 | D:1      | 0 ||| PLANNING D:1-11
    18 | D:1      | Reached skill level 2 in Axes
    71 | D:1      | Reached XP level 2. HP: 19/19 MP: 2/2
   366 | D:1      | 366 ||| Stepping ~*~*~tactically~*~*~ (stealth).
   367 | D:1      | 367 ||| Stepping ~*~*~tactically~*~*~ (stealth).
   369 | D:1      | 369 ||| Stepping ~*~*~tactically~*~*~ (stealth).
   401 | D:1      | 401 ||| Stepping ~*~*~tactically~*~*~ (stealth).
   406 | D:1      | Reached skill level 3 in Axes
   524 | D:1      | Reached XP level 3. HP: 23/23 MP: 3/3
   550 | D:1      | Found Wurron's Magic Scroll Emporium.
   553 | D:1      | 553 ||| SHOPLISTING 3 scrolls of identify (72 gold, have
                  | 70).
   553 | D:1      | 553 ||| BUYING scroll of identify (24 gold).
   553 | D:1      | Bought a scroll of identify for 24 gold pieces
   553 | D:1      | 553 ||| BUYING scroll of identify (24 gold).
   553 | D:1      | Bought a scroll of identify for 24 gold pieces
   567 | D:1      | 567 ||| Stepping ~*~*~tactically~*~*~ (stealth).
   787 | D:1      | 787 ||| UPGRADING to +0 cloak.
   792 | D:1      | 792 ||| UPGRADING to +0 chain mail.
   802 | D:1      | 802 ||| DROPPING +0 scale mail.
   803 | D:1      | 803 ||| READING scroll labelled VACENO DUIFY.
   804 | D:1      | 804 ||| READING scroll labelled PORUIC YSHENG.
   805 | D:1      | 805 ||| READING 6 scrolls of identify.
   805 | D:1      | 805 ||| IDENTIFYING sedimented black potion
   806 | D:1      | 806 ||| DROPPING potion of brilliance.
  1001 | D:2      | Found a faded altar of an unknown god.
  1001 | D:2      | You fall into a shaft and drop 1 floor!
  1081 | D:3      | 1081 ||| UPGRADING to amulet of guardian spirit.
  1086 | D:3      | 1086 ||| READING scroll labelled UPPIFFY CITWOO.
  1105 | D:3      | 1105 ||| READING 6 scrolls of identify.
  1105 | D:3      | 1105 ||| IDENTIFYING fizzy coppery potion
  1275 | D:2      | Noticed Jessica
  1276 | D:2      | 1276 ||| Stepping ~*~*~tactically~*~*~ (hiding).
  1279 | D:2      | Killed Jessica
  1280 | D:2      | Reached skill level 4 in Axes
  1280 | D:2      | Reached XP level 4. HP: 27/28 MP: 4/4
  1421 | D:2      | 1421 ||| Stepping ~*~*~tactically~*~*~ (stealth).
  1471 | D:2      | 1471 ||| Stepping ~*~*~tactically~*~*~ (stealth).
  1743 | D:2      | 1743 ||| DROPPING +0 whip.
  2006 | D:2      | 2006 ||| READING scroll labelled RUWIX GIUZO.
  2007 | D:2      | 2007 ||| READING scroll labelled FOZAUMM WUEWEJ.
  2008 | D:2      | 2008 ||| READING 6 scrolls of identify.
  2008 | D:2      | 2008 ||| IDENTIFYING green potion
  2009 | D:2      | 2009 ||| READING 5 scrolls of identify.
  2009 | D:2      | 2009 ||| IDENTIFYING bubbling grey potion
  2010 | D:2      | 2010 ||| READING 4 scrolls of identify.
  2010 | D:2      | 2010 ||| IDENTIFYING brown potion
  2011 | D:2      | 2011 ||| DROPPING potion of degeneration.
  2035 | D:3      | 2035 ||| STAIRDANCE
  2043 | D:2      | Reached XP level 5. HP: 29/32 MP: 3/5
  2233 | D:3      | Found a burning altar of Makhleb.
  2236 | D:3      | Noticed a cacodemon
  2520 | D:3      | 2520 ||| Stepping ~*~*~tactically~*~*~ (stealth).
  2523 | D:3      | 2523 ||| Stepping ~*~*~tactically~*~*~ (stealth).
  2528 | D:3      | 2528 ||| Stepping ~*~*~tactically~*~*~ (stealth).
  2530 | D:3      | Reached skill level 1 in Throwing
  2540 | D:3      | Reached skill level 5 in Axes
  2732 | D:3      | 2732 ||| DROPPING +3 whip.
  3115 | D:3      | 3115 ||| UPGRADING to amulet of regeneration.
  3125 | D:3      | 3125 ||| DROPPING amulet of guardian spirit.
  3126 | D:3      | 3126 ||| READING 3 scrolls of identify.
  3126 | D:3      | 3126 ||| IDENTIFYING bubbling inky potion
  3127 | D:3      | 3127 ||| DROPPING potion of berserk rage.
  3187 | D:4      | Noticed an ogre
  3190 | D:4      | 3190 ||| Stepping ~*~*~tactically~*~*~ (stealth).
  3194 | D:4      | Killed an ogre
  3195 | D:4      | Reached XP level 6. HP: 18/39 MP: 6/6
  3195 | D:4      | 3195 ||| FLEEEEING.
  3197 | D:4      | 3197 ||| FLEEEEING.
  3198 | D:4      | 3198 ||| FLEEEEING.
  3199 | D:4      | 3199 ||| FLEEEEING.
  3267 | D:4      | 3267 ||| Stepping ~*~*~tactically~*~*~ (stealth).
  3323 | D:4      | 3323 ||| Stepping ~*~*~tactically~*~*~ (hiding).
  3324 | D:4      | 3324 ||| Stepping ~*~*~tactically~*~*~ (hiding).
  3585 | D:4      | Reached XP level 7. HP: 44/44 MP: 7/7
  3591 | D:4      | Reached skill level 6 in Axes
  3868 | D:4      | Noticed Robin
  3876 | D:4      | Killed Robin
  3954 | D:4      | 3954 ||| UPGRADING to +0 helmet.
  3959 | D:4      | 3959 ||| UPGRADING to +6 ring of strength.
  3960 | D:4      | 3960 ||| READING scroll labelled YROEZYOGEKA.
  3961 | D:4      | 3961 ||| READING scroll labelled DIADOYFIEJ.
  3962 | D:4      | 3962 ||| READING 3 scrolls of identify.
  3962 | D:4      | 3962 ||| IDENTIFYING white potion
  3963 | D:4      | 3963 ||| DROPPING potion of flight.
  4003 | D:5      | Entered Level 5 of the Dungeon
  4031 | D:5      | Noticed a wyvern
  4045 | D:5      | Killed a wyvern
  4251 | D:5      | 4251 ||| Stepping ~*~*~tactically~*~*~ (hiding).
  4273 | D:5      | 4273 ||| Stepping ~*~*~tactically~*~*~ (hiding).
  4275 | D:5      | 4275 ||| Stepping ~*~*~tactically~*~*~ (stealth).
  4277 | D:5      | 4277 ||| Stepping ~*~*~tactically~*~*~ (hiding).
  4278 | D:5      | 4278 ||| Stepping ~*~*~tactically~*~*~ (hiding).
  4287 | D:5      | Reached XP level 8. HP: 48/48 MP: 8/8
  4290 | D:5      | Reached skill level 7 in Axes
  4296 | D:5      | 4296 ||| DRINKING potion of curing.
  4296 | D:5      | 4296 ||| (to cure confusion)
  4321 | D:5      | 4321 ||| Stepping randomly (disturbance).
  4472 | D:5      | 4472 ||| Stepping ~*~*~tactically~*~*~ (stealth).
  4482 | D:5      | Found a shadowy altar of Dithmenos.
  4581 | D:5      | Found a broken altar of Ashenzari.
  4581 | D:5      | Found a transporter.
  4583 | D:5      | Noticed a two-headed ogre
  4607 | D:5      | Found a transporter.
  4793 | D:5      | Noticed Menkaure
  4798 | D:5      | Killed Menkaure
  4799 | D:5      | 4799 ||| FLEEEEING.
  4801 | D:5      | 4801 ||| FLEEEEING.
  4802 | D:5      | 4802 ||| FLEEEEING.
  4803 | D:5      | 4803 ||| FLEEEEING.
  4808 | D:5      | HP: 9/49 [ogre/+0 giant spiked club (21)]
  4809 | D:5      | 4809 ||| READING 3 scrolls of teleportation.
  4810 | D:5      | 4810 ||| DRINKING 3 potions of heal wounds.
  4813 | D:5      | 4813 ||| DRINKING 2 potions of heal wounds.
  4870 | D:5      | Reached skill level 8 in Axes
  5041 | D:5      | 5041 ||| DROPPING +6 ring of intelligence.
  5042 | D:5      | 5042 ||| UPGRADING to +4 ring of evasion.
  5043 | D:5      | 5043 ||| READING scroll labelled LAF FAJO YDWUU.
  5044 | D:5      | 5044 ||| READING scroll labelled QEZEXIUGEE.
  5097 | D:6      | Found a staircase to the Ecumenical Temple.
  5098 | D:6      | 5098 ||| PLANNING TEMPLE
  5112 | Temple   | Entered the Ecumenical Temple
  5156 | Temple   | 5156 ||| PLANNING OKAWARU WORSHIP
  5194 | Temple   | Became a worshipper of Warmaster Okawaru
  5195 | Temple   | 5195 ||| PLANNING D:1-11
  5315 | D:6      | 5315 ||| Stepping ~*~*~tactically~*~*~ (stealth).
  5356 | D:6      | Reached skill level 6 in Fighting
  5363 | D:6      | 5363 ||| Stepping ~*~*~tactically~*~*~ (stealth).
  5420 | D:6      | Identified the +3 pair of gloves of the Blind Marksman {rF+
                  | Int+2}
  5424 | D:6      | Noticed Eustachio
  5450 | D:6      | Killed Eustachio
  5450 | D:6      | Reached * piety under Okawaru
  5451 | D:6      | Reached XP level 9. HP: 52/55 MP: 9/9
  5487 | D:6      | 5487 ||| Stepping ~*~*~tactically~*~*~ (hiding).
  5498 | D:6      | Reached skill level 1 in Invocations
  5503 | D:6      | 5503 ||| Stepping ~*~*~tactically~*~*~ (stealth).
  5588 | D:6      | 5588 ||| Stepping ~*~*~tactically~*~*~ (hiding).
  5987 | D:6      | 5987 ||| INVOKING Heroism.
  5994 | D:6      | Reached skill level 9 in Axes
  6259 | D:6      | 6259 ||| UPGRADING to +1 helmet.
  6269 | D:6      | 6269 ||| DROPPING +0 helmet.
  6270 | D:6      | 6270 ||| UPGRADING to +3 pair of gloves of the Blind
                  | Marksman {rF+ Int+2}.
  6275 | D:6      | 6275 ||| READING scroll labelled DUYNOR SERULE.
  6276 | D:6      | 6276 ||| READING 2 scrolls of identify.
  6276 | D:6      | 6276 ||| IDENTIFYING glowing amethyst potion
  6277 | D:6      | 6277 ||| DROPPING potion of invisibility.
  6367 | D:7      | 6367 ||| Stepping ~*~*~tactically~*~*~ (hiding).
  6402 | D:7      | 6402 ||| Stepping ~*~*~tactically~*~*~ (stealth).
  6405 | D:7      | 6405 ||| Stepping ~*~*~tactically~*~*~ (hiding).
  6407 | D:7      | 6407 ||| INVOKING Heroism.
  6414 | D:7      | Reached skill level 3 in Invocations
  6487 | D:7      | 6487 ||| INVOKING Heroism.
  6601 | D:7      | 6601 ||| Stepping ~*~*~tactically~*~*~ (stealth).
  6606 | D:7      | 6606 ||| INVOKING Heroism.
  6608 | D:7      | 6608 ||| Stepping ~*~*~tactically~*~*~ (hiding).
  6705 | D:7      | Found a shimmering blue altar of Sif Muna.
  6768 | D:7      | Reached ** piety under Okawaru
  7330 | D:7      | Found a glowing silver altar of Zin.
  7380 | D:7      | 7380 ||| INVOKING Heroism.
  7401 | D:7      | 7401 ||| DROPPING +0 flail.
  7424 | D:7      | 7424 ||| UPGRADING to +0 plate armour.
  7434 | D:7      | 7434 ||| DROPPING +0 chain mail.
  7435 | D:7      | 7435 ||| DRINKING 2 inky potions.
  7436 | D:7      | 7436 ||| READING 2 scrolls of identify.
  7436 | D:7      | 7436 ||| IDENTIFYING metallic purple potion
  7531 | D:8      | 7531 ||| SWAPPING to +3 war axe.
  7532 | D:8      | 7532 ||| DROPPING +0 war axe.
  7539 | D:8      | 7539 ||| Stepping ~*~*~tactically~*~*~ (stealth).
  7543 | D:8      | Reached skill level 6 in Armour
  7552 | D:8      | Found a hide-covered altar of Uskayaw.
  7563 | D:8      | Reached XP level 10. HP: 63/63 MP: 13/13
  7643 | D:8      | 7643 ||| INVOKING Heroism.
  7661 | D:8      | 7661 ||| Stepping ~*~*~tactically~*~*~ (hiding).
  7798 | D:8      | 7798 ||| INVOKING Heroism.
  7803 | D:8      | 7803 ||| Stepping ~*~*~tactically~*~*~ (stealth).
  7804 | D:8      | 7804 ||| Stepping ~*~*~tactically~*~*~ (stealth).
  7806 | D:8      | 7806 ||| Stepping ~*~*~tactically~*~*~ (stealth).
  7807 | D:8      | 7807 ||| Stepping ~*~*~tactically~*~*~ (stealth).
  7813 | D:8      | 7813 ||| Stepping ~*~*~tactically~*~*~ (stealth).
  7816 | D:8      | 7816 ||| Stepping ~*~*~tactically~*~*~ (stealth).
  7818 | D:8      | 7818 ||| Stepping ~*~*~tactically~*~*~ (stealth).
  7824 | D:8      | 7824 ||| Stepping ~*~*~tactically~*~*~ (stealth).
  7827 | D:8      | Reached skill level 10 in Axes
  8108 | D:8      | Found a staircase to the Lair.
  8307 | D:8      | Noticed a lindwurm
  8307 | D:8      | Noticed a lindwurm
  8308 | D:8      | 8308 ||| INVOKING Heroism.
  8319 | D:8      | Noticed a lindwurm
  8334 | D:8      | Noticed a lindwurm
  8336 | D:8      | 8336 ||| FLEEEEING.
  8337 | D:8      | 8337 ||| FLEEEEING.
  8338 | D:8      | 8338 ||| FLEEEEING.
  8341 | D:8      | 8341 ||| STAIRDANCE
  8362 | D:7      | 8362 ||| READING scroll labelled ASILOG PECEUMY.
  8363 | D:7      | 8363 ||| READING 3 scrolls of identify.
  8363 | D:7      | 8363 ||| IDENTIFYING golden potion
  8364 | D:7      | 8364 ||| READING 2 scrolls of identify.
  8364 | D:7      | 8364 ||| IDENTIFYING cyan potion
  8365 | D:7      | 8365 ||| DROPPING potion of ambrosia.
  8401 | D:8      | 8401 ||| INVOKING Heroism.
  8431 | D:8      | 8431 ||| INVOKING Heroism.
  8768 | D:8      | 8768 ||| INVOKING Heroism.
  8780 | D:8      | 8780 ||| FLEEEEING.
  8781 | D:8      | 8781 ||| FLEEEEING.
  8782 | D:8      | 8782 ||| FLEEEEING.
  8783 | D:8      | 8783 ||| FLEEEEING.
  8784 | D:8      | 8784 ||| FLEEEEING.
  8785 | D:8      | 8785 ||| FLEEEEING.
  8786 | D:8      | 8786 ||| INVOKING Heroism.
  8795 | D:8      | 8795 ||| FLEEEEING.
  8796 | D:8      | 8796 ||| FLEEEEING.
  8803 | D:8      | 8803 ||| FLEEEEING.
  8804 | D:8      | 8804 ||| FLEEEEING.
  8805 | D:8      | 8805 ||| FLEEEEING.
  8805 | D:8      | HP: 12/63 [lindwurm/blast of flame (12)]
  8806 | D:8      | 8806 ||| FLEEEEING.
  8807 | D:8      | 8807 ||| FLEEEEING.
  8808 | D:8      | 8808 ||| FLEEEEING.
  8809 | D:8      | 8809 ||| FLEEEEING.
  8810 | D:8      | 8810 ||| FLEEEEING.
  8811 | D:8      | 8811 ||| STAIRDANCE
  8867 | D:8      | 8867 ||| INVOKING Heroism.
  8889 | D:8      | 8889 ||| FLEEEEING.
  8890 | D:8      | 8890 ||| FLEEEEING.
  8891 | D:8      | 8891 ||| FLEEEEING.
  8892 | D:8      | 8892 ||| FLEEEEING.
  8894 | D:8      | 8894 ||| FLEEEEING.
  8895 | D:8      | 8895 ||| FLEEEEING.
  8896 | D:8      | 8896 ||| STAIRDANCE
  8937 | D:8      | 8937 ||| INVOKING Heroism.
  8965 | D:8      | HP: 15/63 [lindwurm/blast of flame (21)]
  8965 | D:8      | Killed from afar by a lindwurm

Levels and vault maps discovered:
D:1:      giann_horns, layout_rooms, serial_shops, nicolae_shop_crystal,
          amcnicky_mini_pool_small
D:2:      wad_pebble_path, layout_loops_corners, basic_ecumenical_altar,
          uniq_jessica
D:3:      layout_loops_ring, makhleb_altar_promises_db, minmay_rat_hole
D:4:      layout_basic, uniq_robin
D:5:      layout_loops_corners, mainiacjoe_overflow_alcove_4,
          gammafunk_temple_overflow_arena, amcnicky_mini_rare_corridor_liquid,
          lightli_minifort, uniq_menkaure
D:6:      mumra_celtic_spiral_tile, layout_basic, minmay_temple_entry_overgrown,
          uniq_eustachio
D:7:      cheibrodos_iron_armory, layout_basic, mainiacjoe_overflow_big_doors,
          nicolae_elevator_lobby_asterisk
D:8:      layout_layer_cave, nicolae_uskayaw_dance_hall, lair_entry_dummy,
          grunt_ministairs_4, minmay_lindwurm_lava
Temple:   dshaligram_water_room_temple

Skill      XL: |  1  2  3  4  5  6  7  8  9 10 |
---------------+-------------------------------+-----
Axes           | 2 3 4 5 6 8 9 10 | 10.0
Throwing       | 1 |  1.0
Fighting       | 4 6 7 |  7.1
Dodging        | 2 |  2.4
Armour         | 4 6 |  6.7
Invocations    | 4 |  4.0
Shields        | 4 |  4.1

Action                   |  1- 3 |  4- 6 |  7- 9 | 10-12 || total
-------------------------+-------+-------+-------+-------++-------
Melee: War axe           |   114 |   168 |   324 |    38 ||   644
Throw: Boomerang         |     6 |     5 |    31 |    15 ||    57
       Javelin           |       |     6 |       |       ||     6
Invok: Heroism           |       |       |     5 |     9 ||    14
  Use: Scroll            |     5 |     6 |     9 |     3 ||    23
       Potion            |       |       |     4 |       ||     4
Armor: Scale mail        |    38 |       |       |       ||    38
       Chain mail        |    28 |    74 |   187 |       ||   289
       Plate armour      |       |       |    16 |    27 ||    43
Dodge: Dodged            |    38 |    45 |   135 |    22 ||   240
Block: Buckler           |    18 |    27 |    51 |    15 ||   111

Table legend:
 A = Non-vault XP
 B = Vault XP
 C = Vault XP percentage of total XP
 D = Non-vault monster count
 E = Vault monster count
 F = Vault count percentage of total count
                 A         B        C        D         E       F
            +---------+---------+-------+---------+---------+-------
      Total |    4991 |     685 |  12.1 |     180 |      33 |  15.5
            +---------+---------+-------+---------+---------+-------
        D:1 |      46 |       0 |   0.0 |      27 |       0 |   0.0
        D:2 |     111 |      37 |  25.0 |      24 |       1 |   4.0
        D:3 |      77 |      20 |  20.6 |      15 |      19 |  55.9
        D:4 |     367 |      23 |   5.9 |      20 |       5 |  20.0
        D:5 |     801 |     299 |  27.2 |      22 |       5 |  18.5
        D:6 |     926 |     185 |  16.7 |      15 |       1 |   6.2
        D:7 |    1082 |       0 |   0.0 |      27 |       0 |   0.0
        D:8 |    1581 |     121 |   7.1 |      30 |       2 |   6.2
            +---------+---------+-------+---------+---------+-------
